 Dungeon Crawl Stone Soup version 0.30-a0-776-g08fbeb92c1 (webtiles) character file.

Game seed: 9474424242023205517

253 M4edhros the Poker (level 6, 0/63 HPs)
             Began as an Octopode Berserker on Feb 13, 2023.
             Was a Believer of Trog.
             Slain by a phantom (2 damage)
             ... on level 5 of the Dungeon.
             The game lasted 00:05:31 (944 turns).

M4edhros the Poker (Octopode Berserker)              Turns: 944, Time: 00:05:32

Health: 0/63       AC:  1    Str: 16    XL:     6   Next: 14%
Magic:  6/6        EV: 13    Int: 10    God:    Trog [**....]
Gold:   142        SH:  0    Dex: 13    Spells: 5/5 levels left

rFire   . . .      SeeInvis .    c - +2 trident (vamp)
rCold   . . .      Faith    .    (no shield)
rNeg    . . .      Spirit   .    (helmet restricted)
rPois   .          Reflect  .    (no amulet)
rElec   .          Harm     .    (no ring)
rCorr   .          Rampage  .    (no ring)
Will    .....                    (no ring) Stlth
                                 (no ring)
HPRegen 0.30/turn                (no ring)
MPRegen 0.10/turn                (no ring)
                                 (no ring)
                                 (no ring)

@: berserking (expiring), lethally poisoned (0 -> -2), very quick
A: almost no armour, amphibious, 8 rings, camouflage 1, gelatinous body 1,
(nimble swimmer 1), tentacles
a: Renounce Religion, Berserk, Trog's Hand


You were on level 5 of the Dungeon.
You worshipped Trog.
Trog was pleased with you.
You visited 1 branch of the dungeon, and saw 5 of its levels.
You also visited: Sewer.

You collected 142 gold pieces.

Inventory:

Hand Weapons
 c - a +2 vampiric trident (weapon)
 n - the +2 broad axe "Jellybane" {venom, Int+3 Dex+5}
   (You found it on level 5 of the Dungeon)

   Int:       It affects your intelligence (+3).
   Dex:       It affects your dexterity (+5).
Missiles
 k - 4 poisoned darts (quivered)
 l - 2 curare-tipped darts
Scrolls
 a - a scroll of poison {unknown}
 b - a scroll of immolation {unknown}
 e - a scroll of identify {unknown}
 j - a scroll of fear {unknown}
 m - a scroll of teleportation {unknown}
Potions
 d - 3 potions of magic {unknown}
 f - a potion of mutation {unknown}
 g - a potion of resistance {unknown}
 h - a potion of might {unknown}
 i - a potion of lignification {unknown}
 o - a potion of degeneration {unknown}


   Skills:
 - Level 3.0 Fighting
 * Level 5.3 Polearms
 - Level 3.0 Dodging
 - Level 3.6 Unarmed Combat


You had 5 spell levels left.
You didn't know any spells.
Your spell library was empty.

Dungeon Overview and Level Annotations

Branches:
Dungeon (5/15)              Sewer (visited)
 Temple: D:4-7

Altars:
Elyvilon
Hepliaklqana
Yredelemnul

Shops:
D:5 =

Annotations:
D:3 1 runed translucent door


Innate Abilities, Weirdness & Mutations

You cannot wear most types of armour.
You are amphibious.
You can wear up to eight rings at the same time.
Your skin changes colour to match your surroundings (Stealth+).
Your rubbery body absorbs attacks. (AC +1, EV +1)
((You are camouflaged when in or above water. (Stealth+)))
You have tentacles for arms and can constrict up to eight enemies at once.


Message History

Trog accepts your kill.
You feel sick.
Your Polearms skill increases to level 5!
You have reached level 6!
You puncture the iguana!
You feel better.
Your grab misses the iguana.
The iguana is severely wounded.
You feel sick. The iguana closely misses you. The phantom hits you.
* * * LOW HITPOINT WARNING * * *
The phantom blinks!
You blink.
You barely miss the phantom.
The phantom is heavily damaged.
You feel sick. The phantom misses you.
You completely miss the phantom.
The phantom is heavily damaged.
You feel sick. The phantom hits you.
* * * LOW HITPOINT WARNING * * *
The phantom blinks!
You blink.
Found a stone staircase leading down.
You closely miss the phantom.
The phantom is heavily damaged.
You feel sick.
You closely miss the phantom.
The phantom is heavily damaged.
You feel sick. The phantom hits you.
* * * LOW HITPOINT WARNING * * *
The phantom blinks!
You blink.
You closely miss the phantom.
The phantom is heavily damaged.
The phantom hits you.
* * * LOW HITPOINT WARNING * * *
You barely miss the phantom. Your squeeze misses the phantom.
The phantom is heavily damaged.
You feel sick.
You barely miss the phantom.
The phantom is heavily damaged.
You feel sick. The phantom hits you.
* * * LOW HITPOINT WARNING * * *
You miss the phantom. Your squeeze misses the phantom.
The phantom is heavily damaged.
The phantom hits you.
You die...

#...#.#....#.#....##........#
#..........#.#....##...[....#
#.#.#......#.#....######'#'##
####.###.#....######.# #
..................#
#..#.#..########## #.#
#......... .# ##.####### .
#.@.....# #..W....###
#...l.....# '##.........#
........†...# .......§....#
>.......§...# ............#
########....#


You could see a phantom and an iguana.

Vanquished Creatures
  2 scorpions (D:5)
  A jelly (Sewer)
  2 adders
  3 river rats
  A worm (Sewer)
  5 orcs
  11 endoplasms
  6 giant cockroaches
  A goblin (D:4)
  2 hobgoblins (D:3)
  2 kobolds (D:1)
  5 ball pythons
  4 bats
  6 frilled lizards
  5 rats
56 creatures vanquished.

Vanquished Creatures (others)
  3 plants (D:1)
3 creatures vanquished.

Grand Total: 59 creatures vanquished

Notes
Turn   | Place    | Note
-------+----------+-------------------------------------------
     0 | D:1      | M4edhros the Octopode Berserker began the quest for the
                  | Orb.
     0 | D:1      | Reached XP level 1. HP: 16/16 MP: 1/1
    74 | D:1      | Reached XP level 2. HP: 21/21 MP: 2/2
   283 | D:3      | Reached skill level 1 in Polearms
   291 | D:3      | Found a glowing drain.
   297 | D:3      | Reached XP level 3. HP: 10/26 MP: 3/3
   304 | Sewer    | Entered a sewer
   345 | Sewer    | Reached skill level 2 in Polearms
   353 | Sewer    | Reached ** piety under Trog
   399 | Sewer    | Reached XP level 4. HP: 22/31 MP: 4/4
   442 | Sewer    | Reached skill level 3 in Polearms
   496 | Sewer    | Found a viscous altar of Jiyva.
   553 | D:3      | Found a hazy altar of Hepliaklqana.
   606 | D:3      | Found a runed translucent door.
   606 | D:3      | Noticed a human
   611 | D:3      | Reached XP level 5. HP: 36/36 MP: 5/5
   614 | D:3      | Found a basalt altar of Yredelemnul.
   641 | D:3      | Found a white marble altar of Elyvilon.
   697 | D:4      | Reached skill level 4 in Polearms
   699 | D:4      | Reached *** piety under Trog
   754 | D:5      | Entered Level 5 of the Dungeon
   843 | D:5      | Found Valoug's Jewellery Shop.
   898 | D:5      | Identified the +2 broad axe "Jellybane" {venom, Int+3
                  | Dex+5}
   922 | D:5      | Noticed a phantom
   936 | D:5      | Reached skill level 5 in Polearms
   936 | D:5      | Reached XP level 6. HP: 14/42 MP: 6/6
   943 | D:5      | HP: 2/63 [phantom (4)]
   944 | D:5      | Slain by a phantom

Illustrated notes

Levels and vault maps discovered:
D:1:      minmay_arrival_glassed_features, layout_basic,
          minmay_misc_feat_diagonals, serial_bayou_lake_a
D:2:      layout_basic, dreamdust_mushroom_princess, minmay_misc_feat_tower,
          uniq_crazy_yiuf_cottage, uniq_sigmund
D:3:      layout_loops_ring, nzn_hepliaklqana_mist_gate, dk_yredelemnul_ordeal,
          lemuel_doored_altar, gup_sewer_entry_bubbles, grunt_ministairs_11
D:4:      layout_rooms, zin_scriptorium
D:5:      layout_basic, serial_shops, shop, bh_walls_and_bars

Skill      XL: |  1  2  3  4  5 |
---------------+----------------+-----
Polearms       | 1 2 3 5 |  5.3
Fighting       | |  3.0
Dodging        | |  3.0
Unarmed Combat | |  3.6

Action                     |  1- 3 |  4- 6 || total
---------------------------+-------+-------++-------
  Melee: Unarmed           |    22 |       ||    22
         Constrict         |     8 |     8 ||    16
         Punch             |     2 |     2 ||     4
         Trident           |    48 |    57 ||   105
         Tentacles         |     5 |     5 ||    10
 Invoke: Berserk           |     1 |     3 ||     4
   Stab: Sleeping          |     9 |     3 ||    12
 Armour: Skin              |     5 |     4 ||     9
  Dodge: Dodged            |    29 |    20 ||    49

Table legend: (Time is in decaauts)
 A = Elapsed time spent in this place.
 B = Non-inter-level travel time spent in this place.
 C = Inter-level travel time spent in this place.
 D = Time resting spent in this place.
 E = Time spent auto-exploring this place.
 F = Levels seen in this place.
 G = Mean time per level.
                   A        B        C        D        E       F      G
               +--------+--------+--------+--------+--------+-----+--------+
         Total |    977 |    942 |     35 |      0 |     14 |   6 |  162.8 |
       Dungeon |    761 |    726 |     35 |      0 |     14 |   5 |  152.2 |
         Sewer |    215 |    215 |      0 |      0 |      0 |   1 |  215.0 |
               +--------+--------+--------+--------+--------+-----+--------+

Top non-repeatable levels by time:
     D:3: 329 daAuts
   Sewer: 215 daAuts
     D:5: 193 daAuts
     D:1: 177 daAuts
     D:4: 58 daAuts
     D:2: 3 daAuts
